 Dungeon Crawl Stone Soup version 0.31-a0-596-g831eee08f1 (webtiles) character file.

Game seed: 6515432482377511926

1349 gruber the Summoner (level 8, -4/41 HPs)
             Began as a Tengu Summoner on Aug 20, 2023.
             Was an Initiate of Sif Muna.
             Slain by an ice beast (12 damage)
             ... on level 6 of the Dungeon.
             The game lasted 00:06:12 (4340 turns).

gruber the Summoner (Tengu Summoner)                Turns: 4340, Time: 00:06:13

Health: -4/41      AC:  3    Str:  8    XL:     8   Next: 63%
Magic:  9/12       EV: 38    Int: 18    God:    Sif Muna [......]
Gold:   270        SH:  0    Dex: 15    Spells: 5/11 levels left

rFire   . . .        (no weapon)
rCold   . . .        (no shield)
rNeg    . . .        a - +0 robe
rPois   .            (helmet restricted)
rElec   .            (no cloak)
rCorr   .            o - +0 pair of gloves
SInv    .            (boots unavailable)
Will    .....        q - amulet of the acrobat
Stlth   ++           i - +5 ring of evasion
HPRegen 0.26/turn    (no ring)
MPRegen 0.13/turn

%: acrobat
@: acrobatic, flying quickly and evasively, quick
A: beak, talons 3, nimble flight
a: Renounce Religion


You were on level 6 of the Dungeon.
You worshipped Sif Muna.
Sif Muna was noncommittal.
You visited 2 branches of the dungeon, and saw 7 of its levels.

You collected 270 gold pieces.

Inventory:

Hand Weapons
 m - the +3 short sword "Saomey" {drain, Fly Int+5}
   (You found it on level 2 of the Dungeon)

   Int+5:     It affects your intelligence (+5).
   Fly:       It grants you flight.
Armour
 a - a +0 robe (worn)
 o - a +0 pair of gloves (worn)
Jewellery
 i - a +5 ring of evasion (left hand)
 q - an amulet of the acrobat (around neck)
Wands
 p - a wand of acid (11)
Scrolls
 c - a scroll of teleportation {unknown}
 d - 4 scrolls of immolation {unknown}
 f - a scroll of poison {unknown}
 g - a scroll of butterflies {unknown}
 h - 6 scrolls of identify {unknown}
 j - 3 scrolls of vulnerability {unknown}
 l - a scroll of revelation {unknown}
 r - a scroll of brand weapon {unknown}
 t - a scroll of silence {unknown}
 u - a scroll of fear {unknown}
Potions
 b - a potion of magic
 e - 2 potions of heal wounds
 k - a potion of resistance {unknown}
 n - a potion of berserk rage {unknown}
 s - a potion of cancellation {unknown}
 v - a potion of enlightenment {unknown}
 w - a potion of curing {unknown}


   Skills:
 * Level 6.4 Dodging
 - Level 2.0 Stealth
 - Level 2.0 Spellcasting
 - Level 11.3 Summonings


You had 5 spell levels left.
You knew the following spells:

 Your Spells              Type           Power      Damage    Failure   Level
a - Summon Small Mammal   Summ           100%       N/A       1%          1
b - Call Imp              Summ           84%        N/A       1%          2
c - Call Canine Familiar  Summ           42%        N/A       1%          3

Your spell library contained the following spells:

 Spells                   Type           Power      Damage    Failure   Level
 Summon Guardian Golem    Hex/Summ       22%        N/A       5%          3
 Summon Lightning Spire   Summ/Air       22%        N/A       17%         4
 Scorch                   Fire           2%         2d5       26%         2
 Flame Wave               Conj/Fire      1%         2d4       87%         4
 Summon Cactus Giant      Summ           21%        N/A       26%         6


Dungeon Overview and Level Annotations

Branches:
Dungeon (6/15)             Temple (1/1) D:5

Altars:
Ashenzari
Dithmenos
Elyvilon
Gozag
Hepliaklqana
Kikubaaqudgha
Nemelex Xobeh
Qazlal
Ru
Sif Muna
Trog
Uskayaw
Vehumet
Xom
Zin
The Shining One

Shops:
D:1 !

Annotations:
D:3 Sigmund


Innate Abilities, Weirdness & Mutations

You have a beak for a mouth.
You have claws for feet.
Your magical nature lets you fly swiftly and evasively.


Message History

Your warg bites the orc warrior!
The orc warrior dies!
Sif Muna accepts your kill.
Your Dodging skill increases to level 6!
An ice beast comes into view.
An ice beast is nearby!
Your warg bites the ice beast. x2
Your warg disappears in a puff of smoke!
The orc wizard gestures at you while chanting.
The magic dart hits you. The orc wizard casts a spell at you.
You are confused.
You hear a shout!
A sleepcap comes into view.
You're too confused to cast spells.
You are now empty-handed.
You hear a shout! x2
Unknown command.
The ice beast attacks as it pursues you!
The ice beast barely misses you.
You bump into the rock wall.
The ice beast hits you. The ice beast freezes you!
The orc wizard gestures wildly while chanting.
The orc wizard flickers and vanishes!
Deactivating autopickup; reactivate with Ctrl-A.
You bump into the rock wall.
You bump into the rock wall.
The ice beast closely misses you.
You feel less confused. The ice beast completely misses you.
Something hits you but does no damage.
Casting: Call Canine Familiar (safe; 1% risk of failure)
Confirm with . or Enter, or press ? or * to list all spells.
The ice beast hits you. The ice beast freezes you!
* * * LOW HITPOINT WARNING * * *
Something closely misses you.
Unknown command.
Unknown command.
Unknown command.
The ice beast hits you.
* * * LOW HITPOINT WARNING * * *
The ice beast freezes you!
You die...

###.#.......... ....
#.............. ..o.
##....#........ ...
###..#....P.P# ..#
###....####### ..#
#....#.# ..# #......#
#####).##+#P
#......#######.........^.
##...#..h@.of..⌠.........
##.......Y{.....#+###...
##....####..#### #
##...#()'..# #...#..#.)#
#...####..#
##............z..
###.....#.##....
##....#.). .z


You could see an ice beast (ally target), a sleepcap, an orc and a friendly wolf
(summoned).

Vanquished Creatures
  2 hounds
  A sleepcap (D:6)
  An orc wizard (D:3)
  3 adders (D:3)
  A worm (D:2)
  A dart slug (D:2)
  3 orcs
  4 endoplasms
  2 giant cockroaches
  A goblin (D:2)
  2 hobgoblins
  2 jackals (D:2)
  2 quokkas
  3 ball pythons
  2 bats
  A frilled lizard (D:3)
  2 kobolds
  5 rats
38 creatures vanquished.

Vanquished Creatures (collateral kills)
  Pikel (D:3)
  A wyvern (D:5)
  An orc warrior (D:6)
  An ice beast (D:5)
  An ogre (D:5)
  2 lemures (D:4)
  A phantom (D:5)
  A scorpion (D:5)
  2 wights (D:6)
  A jelly (D:5)
  A sleepcap (D:5)
  An adder (D:2)
  A shadow imp (D:6)
  An orc (D:3)
  A ball python (D:3)
  2 bats
  An endoplasm (D:2)
  A hobgoblin (D:1)
  2 jackals (D:2)
  A quokka (D:2)
  2 frilled lizards
  2 goblins (D:2)
  2 kobolds
30 creatures vanquished.

Grand Total: 68 creatures vanquished

Notes
Turn   | Place    | Note
-------+----------+-------------------------------------------
     0 | D:1      | gruber the Tengu Summoner began the quest for the Orb.
     0 | D:1      | Reached XP level 1. HP: 10/10 MP: 4/4
    54 | D:1      | Reached skill level 5 in Summonings
   245 | D:1      | Found Etae's Distillery.
   359 | D:1      | Reached XP level 2. HP: 15/15 MP: 3/6
   894 | D:2      | Identified the +3 short sword "Saomey" {drain, Fly Int+5}
   905 | D:2      | Reached skill level 6 in Summonings
   905 | D:2      | Reached XP level 3. HP: 8/19 MP: 4/7
   960 | D:2      | Learned a level 2 spell: Call Imp
   964 | D:2      | Learned a level 3 spell: Call Canine Familiar
  1278 | D:3      | Reached XP level 4. HP: 22/24 MP: 8/8
  1333 | D:3      | Found a shadowy altar of Dithmenos.
  1336 | D:3      | Found a blossoming altar of Fedhas.
  1336 | D:3      | Found a bloodstained altar of Trog.
  1338 | D:3      | Found a shimmering altar of Xom.
  1338 | D:3      | Found a broken altar of Ashenzari.
  1338 | D:3      | Found an ancient bone altar of Kikubaaqudgha.
  1616 | D:3      | Noticed Sigmund
  1829 | D:3      | Reached skill level 7 in Summonings
  2412 | D:4      | Gained mutation: Your magical nature lets you fly swiftly
                  | and evasively. [Tengu growth]
  2412 | D:4      | Reached XP level 5. HP: 28/28 MP: 5/9
  2720 | D:4      | Noticed a lemure
  2724 | D:4      | Noticed a lemure
  2737 | D:4      | Noticed Pikel
  2739 | D:4      | Killed a lemure
  2745 | D:4      | Noticed a lemure
  2748 | D:4      | Noticed a lemure
  2776 | D:4      | Killed a lemure
  2906 | D:3      | Killed Pikel
  2907 | D:3      | Reached skill level 10 in Summonings
  2907 | D:3      | Reached XP level 6. HP: 11/32 MP: 1/10
  2907 | D:3      | Reached XP level 7. HP: 13/36 MP: 1/11
  3096 | D:4      | Found a shadowy altar of Dithmenos.
  3344 | D:5      | Entered Level 5 of the Dungeon
  3539 | D:5      | Noticed a wyvern
  3547 | D:5      | Killed a wyvern
  3548 | D:5      | Reached skill level 11 in Summonings
  3656 | D:5      | Reached XP level 8. HP: 41/41 MP: 12/12
  3783 | D:5      | Found a staircase to the Ecumenical Temple.
  3789 | Temple   | Entered the Ecumenical Temple
  3810 | Temple   | Became a worshipper of Sif Muna the Loreminder
  4041 | D:5      | Reached skill level 5 in Dodging
  4340 | D:6      | Slain by an ice beast

Illustrated notes

Levels and vault maps discovered:
D:1:      scummos_arrival_forest, layout_basic, serial_shops,
          nicolae_shop_competitors_out_of_business
D:2:      layout_rooms, minmay_pentomino_x4
D:3:      layout_basic, doesnt_xom_only_xom, uniq_sigmund
D:4:      layout_gridville, general_overflow_altar, uniq_pikel
D:5:      layout_loops_cross, minmay_temple_entry_wispy
D:6:      corexii_shack_village, layout_cave_pools,
          mainiacjoe_overflow_boulevard, serial_shops,
          nicolae_shop_advertising_works [nicolae_subvault_shop_adworks]
Temple:   dpeg_chambers_temple

Skill      XL: |  1  2  3  4  5  6  7  8 |
---------------+-------------------------+-----
Summonings     | 5 6 7 10 11 | 11.3
Dodging        | 6 |  6.4
Stealth        | |  2.0
Spellcasting   | |  2.0

Action                     |  1- 3 |  4- 6 |  7- 9 || total
---------------------------+-------+-------+-------++-------
  Melee: Unarmed           |     6 |       |       ||     6
         Kick              |     8 |    14 |     4 ||    26
         Short sword       |    49 |    46 |    20 ||   115
         Peck              |     8 |     5 |     5 ||    18
         Punch             |       |     1 |       ||     1
   Cast: Summon Small Mamm |    30 |     4 |       ||    34
         Call Imp          |     2 |     4 |     2 ||     8
         Call Canine Famil |     1 |    13 |    12 ||    26
    Use: Potion            |       |     2 |       ||     2
   Stab: Sleeping          |     2 |     3 |     1 ||     6
         Invisible         |       |     1 |       ||     1
         Distracted        |       |       |     1 ||     1
 Armour: Robe              |    10 |     3 |     2 ||    15
  Dodge: Dodged            |    58 |    32 |    19 ||   109

Table legend: (Time is in decaauts)
 A = Elapsed time spent in this place.
 B = Non-inter-level travel time spent in this place.
 C = Inter-level travel time spent in this place.
 D = Time resting spent in this place.
 E = Time spent auto-exploring this place.
 F = Levels seen in this place.
 G = Mean time per level.
                   A        B        C        D        E       F      G
               +--------+--------+--------+--------+--------+-----+--------+
         Total |   4203 |   3913 |    290 |    199 |   3058 |   7 |  600.4 |
       Dungeon |   4164 |   3912 |    252 |    199 |   3058 |   6 |  694.0 |
        Temple |     38 |      1 |     37 |      0 |      0 |   1 |   38.0 |
               +--------+--------+--------+--------+--------+-----+--------+

Top non-repeatable levels by time:
     D:3: 1303 daAuts
     D:5: 703 daAuts
     D:4: 696 daAuts
     D:1: 661 daAuts
     D:2: 615 daAuts
     D:6: 185 daAuts
  Temple: 38 daAuts
